 Dungeon Crawl Stone Soup version 0.16-a0-4113-g7d8e295 (console) character file.

151 MrRokkomies the Cudgeler (level 5, -1/49 HPs)
             Began as an Ogre Earth Elementalist on Mar 1, 2015.
             Was an Initiate of Cheibriados.
             Slain by Skiberibeda's ghost (3 damage)
             ... on level 4 of the Dungeon.
             The game lasted 00:14:12 (4033 turns).

MrRokkomies the Cudgeler (Ogre Earth Elementalist)  Turns: 4033, Time: 00:14:12

Health: -1/49      AC:  4    Str: 14    XL:     5   Next: 33%
Magic:  9/9        EV: 10    Int: 15    God:    Cheibriados [......]
Gold:   66         SH:  0    Dex: 12    Spells: 2 memorised, 5 levels left

rFire  . . .     SeeInvis .     a - +0 flail
rCold  . . .     Clarity  .     c - +1 robe
rNeg   + . .     SustAb   .     (shield restricted)
rPois  .         Gourm    .     (helmet restricted)
rElec  .         Spirit   .     (no cloak)
rCorr  .         Warding  .     (gloves unavailable)
rMut   .         Stasis   .     (boots unavailable)
MR     .....                    (no amulet)
Stlth  +.........               (no ring)
                                n - ring of positive energy

@: glowing, very slow, not resistant to hostile enchantments, very unstealthy
A: unfitting armour, tough skin 1
a: Bend Time, Renounce Religion


You were on level 4 of the Dungeon.
You worshipped Cheibriados.
Cheibriados was noncommittal.
You were near starving.

You visited 1 branch of the dungeon, and saw 4 of its levels.

You collected 66 gold pieces.

Inventory:

Hand weapons
 a - a +0 flail (weapon)
Missiles
 b - 110 stones (quivered)
Armour
 c - a +1 robe (worn)
Jewellery
 n - a ring of positive energy (left hand)
Magical devices
 h - a wand of slowing (34)
Scrolls
 e - 3 scrolls of remove curse
 j - a scroll of identify
 o - a scroll of noise {unknown}
 p - a scroll of fog {unknown}
 q - a scroll of enchant armour
Potions
 i - a potion of agility
Books
 d - a book of Geomancy

   Spells                             Type                      Level
   a - Sandblast                      Earth                        1
   b - Stoneskin                      Transmutation/Earth          2
   c - Passwall                       Transmutation/Earth          3
   d - Stone Arrow                    Conjuration/Earth            3
   e - Petrify                        Transmutation/Earth          4
   f - Lee's Rapid Deconstruction     Earth                        5
Comestibles
 f - a royal jelly
 g - 2 meat rations
 k - 2 bread rations


   Skills:
 - Level 1.6 Fighting
 * Level 5.0 Maces & Flails
 - Level 1.7 Dodging
 - Level 1.5 Stealth
 - Level 2.4 Spellcasting
 * Level 1.8 Transmutations
 - Level 2.1 Earth Magic


You had 5 spell levels left.
You knew the following spells:

 Your Spells              Type           Power        Failure   Level  Hunger
a - Sandblast             Erth           #.....       12%         1    #......
b - Stoneskin             Trmt/Erth      #.......     14%         2    ###....


Dungeon Overview and Level Annotations

Branches:
Dungeon (4/15)
 Temple: D:4-7

Altars:
Ashenzari
Cheibriados
Sif Muna
Trog

Annotations:
D:4 Skiberibeda's ghost, experienced SpEn


Innate Abilities, Weirdness & Mutations

You are too large for most types of armour.
You have tough skin (AC +1).


Message History

You fall asleep.
You are no longer glowing.
Skiberibeda's ghost barely misses you.
Skiberibeda's ghost points at you and mumbles some strange words.
You resist with significant effort. Skiberibeda's ghost hits you!
You wake up.
* * * LOW HITPOINT WARNING * * *
Skiberibeda's ghost hits you but does no damage.
Skiberibeda's ghost lets out a mournful wail.
Skiberibeda's ghost casts a spell at you.
You are outlined in light.
Skiberibeda's ghost casts a spell at you.
You fall asleep.
Skiberibeda's ghost hits you but does no damage.
Skiberibeda's ghost tries to blend into its surroundings.
Skiberibeda's ghost misses you.
Skiberibeda's ghost casts a spell at you.
You resist with significant effort. Skiberibeda's ghost hits you.
You wake up.
You die...

........... ...........#
............#
............#
............#
..##......(.# ..
...##.....<.# #..#
............## ##.$#
............@######....#
.........##..W........#
..#......###..........#
#.....## ##.##.).##...
#.....# ###.....# .
#.....## #..._...#
#..... #.......# #.....
#^#####+# .......
#######


You could see Skiberibeda's ghost.

Vanquished Creatures
  4 adders
  2 worms (D:2)
  3 giant geckos
  2 oozes
  9 orcs
  6 giant cockroaches
  13 goblins
  8 hobgoblins
  7 jackals
  4 bats
  7 giant newts
  14 kobolds
  6 rats
85 creatures vanquished.

Notes
Turn   | Place    | Note
--------------------------------------------------------------
     0 | D:1      | MrRokkomies, the Ogre Earth Elementalist, began the quest for the Orb.
     0 | D:1      | Reached XP level 1. HP: 16/16 MP: 3/3
   375 | D:1      | Reached skill level 1 in Fighting
   505 | D:1      | Reached skill level 1 in Maces & Flails
   506 | D:1      | Reached XP level 2. HP: 5/28 MP: 0/5
   510 | D:1      | Learned a level 2 spell: Stoneskin
  1178 | D:1      | Reached XP level 3. HP: 26/35 MP: 6/6
  1616 | D:2      | Reached skill level 1 in Transmutations
  1680 | D:2      | Found a deep blue altar of Sif Muna.
  1735 | D:2      | Reached skill level 3 in Maces & Flails
  2037 | D:2      | Reached XP level 4. HP: 26/42 MP: 8/8
  2587 | D:2      | Reached skill level 4 in Maces & Flails
  3176 | D:3      | Reached XP level 5. HP: 40/49 MP: 5/9
  3229 | D:3      | Reached skill level 5 in Maces & Flails
  3234 | D:3      | Found a shattered altar of Ashenzari.
  3375 | D:3      | Noticed an orc warrior
  3555 | D:4      | Found a snail-covered altar of Cheibriados.
  3582 | D:4      | Became a worshipper of Cheibriados the Contemplative
  3621 | D:4      | Noticed Skiberibeda's ghost (experienced SpEn)
  3717 | D:3      | HP: 2/49 [giant newt (3)]
  4003 | D:4      | Found a bloodstained altar of Trog.
  4025 | D:4      | HP: 1/49 [Skiberibeda's ghost (10)]
  4033 | D:4      | Slain by Skiberibeda's ghost

Action                   |  1- 3 |  4- 6 || total
-------------------------+-------+-------++-------
Melee: Club              |   168 |   108 ||   276
       Unarmed           |    12 |       ||    12
       Flail             |       |    95 ||    95
 Cast: Sandblast         |     4 |    23 ||    27
       Stoneskin         |     2 |     7 ||     9
  Use: Scroll            |     6 |     2 ||     8
       Potion            |       |     2 ||     2
 Stab: Sleeping          |       |     1 ||     1
  Eat: Chunk             |     3 |     7 ||    10
